AoeStats
← 他并不是一个笨比

Arabia

504763278Analyzed
4v4 RM · 26d ago on Sep 6, 2026· 31m 34s· 8 players
Game mode
Random Map
Map size
Large (8 player)
Population
200
Speed
Normal
Resources
Standard
Victory
Conquest
Starting age
Dark Age
Ending age
Imperial Age
RankedLock teamsTeams togetherTeam positionsShared explorationLock speedFull tech treeHidden civsTurbo modeCheats
Victory
Defeat
🇳🇱 Magyars · Netherlands
1290
+17
1271
+18
🇦🇺 Khmer · Australia
1266
+18
🇫🇷 Ethiopians · France
1263
+18
🇻🇳 Vietnamese · Vietnam
1438
-23
🇻🇳 Magyars · Vietnam
1354
-20
🇻🇳 Maya · Vietnam
1249
-15
🇻🇳 Berbers · Vietnam
1188
-13
El Tornado
7:59 Loom
10:45 Feudal Age
11:23 Double-Bit Axe
12:01 Horse Collar
22:21 Castle Age
21:55 Padded Archer Armor
26:14 Crossbowman
27:14 Bow Saw
27:46 Fletching
31:33 Heavy Plow
XSTRATA
6:28 Loom
10:46 Feudal Age
11:25 Double-Bit Axe
12:38 Fletching
19:46 Padded Archer Armor
25:55 Castle Age
25:58 Crossbowman
26:36 Bodkin Arrow
28:09 Bow Saw
28:18 Leather Archer Armor
29:55 Ballistics
他并不是一个笨比
8:24 Loom
10:25 Feudal Age
11:13 Double-Bit Axe
11:55 Horse Collar
13:50 Scale Barding Armor
18:35 Forging
21:16 Bloodlines
23:08 Castle Age
24:06 Bow Saw
24:02 Husbandry
23:23 Light Cavalry
24:46 Chain Barding Armor
26:08 Gold Mining
27:56 Wheelbarrow
28:19 Gold Shaft Mining
28:56 Iron Casting
31:24 Heavy Plow
31:43 Hand Cart
DreamStolen
10:04 Feudal Age
11:11 Horse Collar
13:02 Bloodlines
14:27 Loom
17:46 Scale Barding Armor
19:34 Forging
22:46 Castle Age
23:09 Light Cavalry
24:23 Chain Barding Armor
25:44 Iron Casting
26:20 Heavy Plow
26:24 Husbandry
26:33 Double-Bit Axe
27:36 Husbandry
kw3dsky
7:06 Loom
9:53 Feudal Age
22:54 Castle Age
21:27 Stone Mining
21:30 Gold Mining
21:26 Double-Bit Axe
21:23 Horse Collar
23:31 Scale Barding Armor
23:39 Bloodlines
24:28 Husbandry
26:37 Chain Barding Armor
30:42 Wheelbarrow
danganharmy
6:15 Loom
9:32 Feudal Age
15:19 Fletching
26:55 Castle Age
25:57 Gold Mining
25:54 Double-Bit Axe
26:40 Padded Archer Armor
26:58 Crossbowman
27:46 Bodkin Arrow
29:27 Bow Saw
Spartacus
6:58 Loom
9:36 Feudal Age
10:24 Double-Bit Axe
13:08 Horse Collar
15:55 Wheelbarrow
16:10 Scale Barding Armor
20:47 Bloodlines
29:06 Castle Age
HuynhSon
0:31 Loom
9:31 Feudal Age
14:46 Double-Bit Axe
17:01 Fletching
18:07 Padded Archer Armor
21:00 Gold Mining
25:52 Castle Age
26:07 Crossbowman
26:45 Bodkin Arrow
Connection lost

Rejoining the realm…

Still unreachable

The connection could not be restored.

Session expired

The server has moved on; the page needs a fresh start.